 Dungeon Crawl Stone Soup version 0.30-a0-1082-g70414cbcbb (webtiles) character file.

Game seed: 5514855346380889762

263 ryw the Cudgeller (level 5, -2/41 HPs)
             Began as a Mummy Fighter on Apr 16, 2023.
             Killed from afar by Duvessa (15 damage)
             ... with a bolt of dispelling energy
             ... on level 4 of the Dungeon.
             The game lasted 00:04:34 (3332 turns).

ryw the Cudgeller (Mummy Fighter)                   Turns: 3332, Time: 00:04:35

Health: -2/41      AC:  9    Str: 28    XL:     5   Next: 98%
Magic:  5/5        EV:  9    Int:  7    God:
Gold:   175        SH:  4    Dex: 11    Spells: 4/4 levels left

rFire   x . .      SeeInvis +    m - +3 flail
rCold   + . .      Faith    +    c - +0 buckler
rNeg    + + +      Spirit   .    b - +0 scale mail
rPois   ∞          Reflect  .    (no helmet)
rElec   .          Rampage  .    (no cloak)
rCorr   .                        e - +2 pair of gloves
Will    .....                    (no boots) Stlth
                                 (no amulet)
HPRegen 0.26/turn                g - +6 ring of strength
MPRegen 0.09/turn                f - ring of see invisible

@: no status effects
A: cold resistance 1, negative energy resistance 3, torment resistance 2, heat
vulnerability 1, in touch with death 1, no potions, faith
a: no special abilities


You were on level 4 of the Dungeon.
You visited 1 branch of the dungeon, and saw 4 of its levels.

You collected 175 gold pieces.

Inventory:

Hand Weapons
 a - a +0 flail
 h - a +2 whip of electrocution
 m - a +3 flail (weapon)
Missiles
 j - 5 boomerangs of dispersal (quivered)
 l - 4 curare-tipped darts
Armour
 b - a +0 scale mail (worn)
 c - a +0 buckler (worn)
 e - a +2 pair of gloves (worn)
Jewellery
 f - a ring of see invisible (right hand)
 g - a +6 ring of strength (left hand)
Scrolls
 d - a scroll of silence
 i - 2 scrolls of torment
 k - a scroll of enchant armour
 o - 4 scrolls of teleportation
 p - a scroll of fear
 q - a scroll of blinking


   Skills:
 - Level 3.0 Fighting
 + Level 5.2 Maces & Flails
 - Level 2.4 Armour
 - Level 2.4 Shields


You had 4 spell levels left.
You didn't know any spells.
Your spell library contained the following spells:

 Spells                   Type           Power      Damage    Failure   Level
 Volatile Blastmotes      Fire/Tloc      0%         2d10      99%         3
 Fulminant Prism          Conj/Hex       0%         3d5       100%        4
 Iskenderun's Mystic Bla  Conj/Tloc      0%         2d3       100%        4
 Lee's Rapid Deconstruct  Erth           0%         3d4*      100%        5
 Summon Forest            Summ/Tloc      0%         N/A       100%        5
 Eringya's Noxious Bog    Tmut/Pois      0%         N/A       100%        6
 Summon Hydra             Summ           0%         N/A       100%        7


Dungeon Overview and Level Annotations

Branches:
Dungeon (4/15)
 Temple: D:4-7

Altars:

Annotations:
D:4 Dowan, Duvessa, Eustachio


Innate Abilities, Weirdness & Mutations

You are immune to poison.
Your flesh is cold resistant. (rC+)
You are immune to negative energy. (rN+++)
You are immune to unholy pain and torment.
You are vulnerable to heat. (rF-)
You are in touch with the powers of death.
You do not drink.
You have a special connection with the divine. (Faith)


Message History

You sock Sigmund!
Sigmund is almost dead.
Sigmund barely misses you.
You barely miss Sigmund.
Sigmund is almost dead.
Sigmund hits you but does no damage.
You hit Sigmund.
You kill Sigmund!
Your Maces & Flails skill increases to level 5!
You have reached level 5!
You feel stronger.
Things that are here:
a +0 scythe; a +0 robe; a murky dark potion Duvessa and Dowan come into view.
Duvessa is wielding a +0 rapier, wearing a +3 leather armour of poison resistance and carrying a wand of quicksilver (8).
Dowan is wielding a +1 dagger of draining.
Dowan shouts!
Duvessa zaps a wand.
The bolt of dispelling energy misses you.
Duvessa zaps a wand.
The bolt of dispelling energy misses you.
Duvessa says, "When magic and the sword combine, nothing stands against them."
Duvessa zaps a wand.
The bolt of dispelling energy hits you!
Dowan gestures wildly while chanting.
Dowan blinks!
Duvessa zaps a wand.
The bolt of dispelling energy hits you.
Duvessa zaps a wand.
The bolt of dispelling energy hits you.
You hit Duvessa.
Duvessa is lightly wounded.
Duvessa zaps a wand.
The bolt of dispelling energy hits you!
You closely miss Duvessa.
Duvessa is lightly wounded.
Duvessa hits you with a +0 rapier.
Press: ? - help, v - describe, . - travel
Here: Duvessa, wielding a +0 rapier, wearing a +3 leather armour of poison resistance and carrying a wand of quicksilver (2) (lightly wounded)
The floor.
Unknown command.
You closely miss Duvessa.
Duvessa is lightly wounded.
Duvessa zaps a wand.
The bolt of dispelling energy hits you!
You die...

#.# #........# #)#
#.##############.#
#............<##.#
################.#
#.# #.# #.# #.#
#@# #e# #e# #.#
#.# #...ee...
#########


You could see Duvessa and Dowan.

Vanquished Creatures
  Sigmund (D:4)
  4 adders
  2 worms (D:2)
  An orc (D:3)
  7 endoplasms
  4 giant cockroaches
  7 goblins
  6 hobgoblins
  2 jackals (D:2)
  7 kobolds
  8 ball pythons
  5 bats
  2 frilled lizards (D:1)
  6 rats
62 creatures vanquished.

Notes
Turn   | Place    | Note
-------+----------+-------------------------------------------
     0 | D:1      | ryw the Mummy Fighter began the quest for the Orb.
     0 | D:1      | Reached XP level 1. HP: 18/18 MP: 1/1
    76 | D:1      | Reached skill level 2 in Maces & Flails
    85 | D:1      | Found a faded altar of an unknown god.
   132 | D:1      | Reached XP level 2. HP: 20/24 MP: 2/2
   698 | D:1      | Gained mutation: You are in touch with the powers of death.
                  | [Mummy growth]
   698 | D:1      | Reached XP level 3. HP: 29/29 MP: 3/3
   731 | D:1      | Reached skill level 3 in Maces & Flails
  1403 | D:2      | Reached XP level 4. HP: 26/35 MP: 4/4
  2479 | D:3      | Reached skill level 4 in Maces & Flails
  3179 | D:4      | Noticed Eustachio
  3299 | D:4      | Noticed Sigmund
  3304 | D:4      | Killed Sigmund
  3305 | D:4      | Reached skill level 5 in Maces & Flails
  3305 | D:4      | Reached XP level 5. HP: 41/41 MP: 5/5
  3317 | D:4      | Noticed Duvessa
  3317 | D:4      | Noticed Dowan
  3332 | D:4      | Killed from afar by Duvessa

Illustrated notes

Levels and vault maps discovered:
D:1:      dpeg_arrival_concentric_ovals, layout_loops_ring,
          ebering_ecumenical_altar_abandoned, minmay_quantized
D:2:      layout_basic
D:3:      layout_basic, serial_forest, infiniplex_forest_straight_4,
          infiniplex_forest_clump_curved, infiniplex_forest_straight_2,
          infiniplex_forest_end_2, infiniplex_forest_straight_2,
          infiniplex_forest_lined_room_2, infiniplex_forest_end_1,
          kennysheep_nondescript
D:4:      layout_basic, nicolae_gozag_seed_capital,
          mainiacjoe_overflow_24_doors, temple_statues,
          chequers_serial_rivers_small_a, minmay_circle_x, uniq_sigmund,
          uniq_duvessa, uniq_eustachio

Skill      XL: |  1  2  3  4 |
---------------+-------------+-----
Maces & Flails | 2 3 5 |  5.2
Fighting       | |  3.0
Armour         | |  2.4
Shields        | |  2.4

Action                     |  1- 3 |  4- 6 || total
---------------------------+-------+-------++-------
  Melee: Flail             |   163 |    64 ||   227
         Whip              |       |     1 ||     1
    Use: Scroll            |     2 |     5 ||     7
 Armour: Scale mail        |   120 |    34 ||   154
  Dodge: Dodged            |    81 |    27 ||   108
  Block: Buckler           |    33 |     7 ||    40

Table legend: (Time is in decaauts)
 A = Elapsed time spent in this place.
 B = Non-inter-level travel time spent in this place.
 C = Inter-level travel time spent in this place.
 D = Time resting spent in this place.
 E = Time spent auto-exploring this place.
 F = Levels seen in this place.
 G = Mean time per level.
                   A        B        C        D        E       F      G
               +--------+--------+--------+--------+--------+-----+--------+
         Total |   3395 |   3140 |    255 |    104 |   2451 |   4 |  848.8 |
       Dungeon |   3395 |   3140 |    255 |    104 |   2451 |   4 |  848.8 |
               +--------+--------+--------+--------+--------+-----+--------+

Top non-repeatable levels by time:
     D:3: 1124 daAuts
     D:2: 1073 daAuts
     D:1: 992 daAuts
     D:4: 204 daAuts
